 Dungeon Crawl Stone Soup version 0.17-a0-1945-gfe993df (webtiles) character file.

4070 4thArraOfDagon the Grappler (level 10, -11/76 HPs)
             Began as a Troll Hunter on Sept 30, 2015.
             Splashed by a lich's acid (14 damage)
             ... on level 2 of the Abyss.
             The game lasted 00:23:30 (3524 turns).

4thArraOfDagon the Grappler (Troll Hunter)          Turns: 3524, Time: 00:23:31

Health: -11/76     AC: 10    Str: 25    XL:     10   Next: 5%
Magic:  8/8        EV:  9    Int:  8    God:
Gold:   274        SH:  0    Dex: 10    Spells: 0 memorised, 9 levels left

rFire  + . .     SeeInvis .       - Unarmed
rCold  x . .     Clarity  .     d - +2 robe
rNeg   . . .     SustAt   +     (no shield)
rPois  .         Gourm    +     (helmet restricted)
rElec  .         Spirit   .     s - +2 cloak
rCorr  .         Warding  .     (gloves unavailable)
rMut   .         Rnd*Tele +     (boots unavailable)
MR     .....                    (no amulet)
Stlth  +.........               z - ring of fire
                                u - ring of sustain attributes

@: mighty, not resistant to hostile enchantments, very unstealthy
A: unfitting armour, claws 3, blurry vision 1, deterioration 2, dopey 1, fast
metabolism 3, frail 1, gourmand, low mp 1, regeneration 2, shaggy fur 1,
teleportitis 1, tough skin 2, weak 1, no device heal 1, subdued magic 1
a: no special abilities


You were on level 2 of the Abyss.
You were not hungry.

You visited 2 branches of the dungeon, and saw 13 of its levels.
You visited the Abyss 1 time.
You also visited: Labyrinth.

You collected 274 gold pieces.

Inventory:

Missiles
 a - 5 large rocks (quivered)
 m - 2 curare-tipped needles
Armour
 d - a +2 robe (worn)
 s - a +2 cloak (worn)
Jewellery
 u - a ring of sustain attributes (left claw)
 z - a ring of fire (right claw)
Magical devices
 g - a wand of digging (7)
 v - a wand of cold (7)
 x - a wand of random effects (8)
 y - a wand of slowing (48)
Scrolls
 c - 3 scrolls of remove curse
 h - a scroll of teleportation
 j - a scroll of noise
 n - 2 scrolls of enchant armour
Potions
 b - a potion of magic
 f - 2 potions of curing
 o - 2 potions of cancellation
 r - a potion of haste {unknown}
 t - a potion of flight
Books
 p - a Grand Grimoire

   Spells                             Type                      Level
   a - Monstrous Menagerie            Summoning                    6
   b - Summon Greater Demon           Summoning                    7
   c - Malign Gateway                 Summoning/Translocation      7
   d - Summon Horrible Things         Summoning                    8
Comestibles
 e - 7 bread rations
 i - 3 fruits
 k - 4 meat rations
 q - a beef jerky


   Skills:
 - Level 1.5 Fighting
 - Level 3.6 Throwing
 - Level 1.5 Dodging
 - Level 0.4 Stealth
 * Level 13.9 Unarmed Combat


You had 9 spell levels left.
You didn't know any spells.

Dungeon Overview and Level Annotations

Branches:
Dungeon (12/15)            Temple (1/1) D:4
   Lair: D:8-11         Orc: D:9-12

Altars:
Ashenzari
Elyvilon
Fedhas
Gozag
Kikubaaqudgha
Okawaru
Qazlal
Ru
Sif Muna
Vehumet
Xom
Yredelemnul
Zin
The Shining One

Shops:
D:9 (

Annotations:
D:12 Josephine


Innate Abilities, Weirdness & Mutations

You are too large for most types of armour.
You have claws for hands.
Your metabolism is lightning-fast.
You like to eat raw meat.
You heal very quickly.
You are covered in fur (AC +1).
You have very tough skin (AC +2).
[Scrolls take you a little longer to read.]
[Your body often deteriorates upon taking damage.]
[You are dopey. (Int -2)]
[You are frail (-10% HP).]
[Your magical capacity is low (-10% MP).]
[You are occasionally teleported to nearby monsters.]
[You are weak. (Str -2)]
[Potions and wands are less effective at restoring your health.]
[Your spells are a little easier to cast, but a little less powerful.]


Message History

Quiver which item? (- for none, * to show all) (? for menu, Esc to quit)
Okay, then.
Evoke which item? (* to show all) (? for menu, Esc to quit)
Okay, then.
Drink which item? (? for menu, Esc to quit)
You feel very mighty all of a sudden. The lich touches you.
Unknown command.
You mangle the lich!!
The lich is heavily damaged.
You claw the lich!
The lich is heavily damaged.
The lich barely misses you.
You scratch the lich.
The lich is severely damaged.
The lich casts a spell at you. The bolt of acid hits you!
* * * LOW HITPOINT WARNING * * *
The acid burns!
You die...

#. #. .. ##. #..
#.# ##......
####.#.##.# .
#...#... .# ..
###....##.#.## #
#.@.##....# #.#
##L#.#..#..#.# #
..#.#.#.. ..# #.
##. .....#.... #
...#......... #.
#..#..####.#.#..
##..... ##.## ..
$### .# #.. #.##
# . .###


You could see a lich.

Vanquished Creatures
  A gargoyle (D:10)
  A trapdoor spider zombie (D:8)
  Sigmund (D:4)
  The ghost of 4thArraOfDagon the Ruffian, an average TrMo (D:8)
  3 yaks (D:9)
  An orc warrior (D:9)
  An ice beast (D:8)
  A black bear (D:9)
  2 ogres
  A phantom (D:9)
  5 spiders (D:12)
  The ghost of 4thArraOfDagon the Chopper, an average HOGl (D:4)
  3 centaurs
  A giant frog (D:10)
  A big kobold (D:9)
  A crocodile (D:9)
  2 scorpions
  5 wights (D:9)
  A crimson imp (D:9)
  2 orc priests
  6 orc wizards
  2 jellies
  Crazy Yiuf (D:7)
  3 centaur skeletons
  3 hounds
  Natasha (thrice) (D:2)
  11 worker ants
  A worker ant zombie (D:5)
  2 river rats (D:9)
  A shadow imp (D:8)
  5 adders
  3 worms
  19 orcs
  A ball python (D:2)
  3 giant cockroaches
  A goblin (D:2)
  5 jackals
  5 kobolds
  13 bats
  A giant gecko (D:4)
  A giant gecko skeleton (D:4)
  2 giant newts
  2 quokka skeletons (D:5)
  13 rats
142 creatures vanquished.

Vanquished Creatures (others)
  A quokka (D:12)
  10 fungi (D:9)
  A plant (D:9)
12 creatures vanquished.

Grand Total: 154 creatures vanquished

Notes
Turn   | Place    | Note
--------------------------------------------------------------
     0 | D:1      | 4thArraOfDagon the Troll Hunter began the quest for the Orb.
     0 | D:1      | Reached XP level 1. HP: 19/19 MP: 0/0
    54 | D:2      | Reached skill level 1 in Unarmed Combat
   117 | D:3      | Noticed an orc wizard
   132 | D:3      | Reached XP level 2. HP: 27/27 MP: 1/1
   142 | D:3      | Killed an orc wizard
   142 | D:3      | Reached XP level 3. HP: 25/33 MP: 2/2
   222 | D:4      | Found a staircase to the Ecumenical Temple.
   239 | Temple   | Entered the Ecumenical Temple
   343 | D:4      | Noticed an ogre
   345 | D:4      | Killed an ogre
   345 | D:4      | Reached skill level 4 in Unarmed Combat
   345 | D:4      | Reached XP level 4. HP: 41/41 MP: 3/3
   383 | D:4      | Noticed Sigmund
   400 | D:4      | Killed Sigmund
   400 | D:4      | Reached skill level 6 in Unarmed Combat
   400 | D:4      | Reached XP level 5. HP: 26/48 MP: 4/4
   400 | D:4      | Reached XP level 6. HP: 29/55 MP: 5/5
   434 | D:5      | Entered Level 5 of the Dungeon
   654 | D:7      | Reached skill level 7 in Unarmed Combat
   670 | D:7      | Reached XP level 7. HP: 55/62 MP: 6/6
   706 | D:7      | Found an ancient bone altar of Kikubaaqudgha.
   764 | D:7      | Found a glowing silver altar of Zin.
   838 | D:7      | Noticed Crazy Yiuf
   842 | D:7      | Killed Crazy Yiuf
   931 | D:7      | Found a shattered altar of Ashenzari.
  1013 | D:7      | Reached skill level 8 in Unarmed Combat
  1185 | D:9      | Found Foaddesa's Weapon Boutique.
  1186 | D:9      | :S
  1215 | D:9      | Noticed a yak
  1215 | D:9      | Noticed a yak
  1216 | D:9      | Noticed a yak
  1222 | D:9      | Killed a yak
  1222 | D:9      | Reached skill level 9 in Unarmed Combat
  1231 | D:9      | Reached XP level 8. HP: 62/70 MP: 7/7
  1317 | D:9      | Killed a yak
  1330 | D:9      | Reached skill level 10 in Unarmed Combat
  1335 | D:9      | Killed a yak
  1357 | D:9      | Reached skill level 11 in Unarmed Combat
  1394 | D:9      | Reached XP level 9. HP: 76/76 MP: 8/8
  1532 | D:9      | Noticed a two-headed ogre
  1721 | D:5      | Reached skill level 12 in Unarmed Combat
  2000 | D:4      | Found a stormy altar of Qazlal.
  2027 | D:4      | Found an opulent altar of Gozag.
  2033 | D:4      | Noticed 4thArraOfDagon's ghost (average HOGl)
  2050 | D:4      | Killed 4thArraOfDagon's ghost
  2219 | D:2      | Noticed Natasha
  2239 | D:2      | Killed Natasha
  2316 | D:2      | Noticed Natasha
  2325 | D:2      | Killed Natasha
  2404 | D:2      | Noticed Natasha
  2408 | D:2      | Killed Natasha
  2481 | D:4      | FUCK
  2557 | D:7      | Found a radiant altar of Vehumet.
  2560 | D:7      | Found a shimmering altar of Xom.
  2561 | D:7      | Found a sacrificial altar of Ru.
  2598 | D:8      | Noticed 4thArraOfDagon's ghost (average TrMo)
  2611 | D:8      | Killed 4thArraOfDagon's ghost
  2688 | D:10     | Entered Level 10 of the Dungeon
  2720 | D:10     | Noticed a gargoyle
  2732 | D:10     | Reached skill level 13 in Unarmed Combat
  2750 | D:10     | Killed a gargoyle
  2933 | D:12     | Found a labyrinth entrance.
  2948 | D:12     | Noticed Josephine
  2950 | D:12     | Found a white marble altar of Elyvilon.
  2950 | D:12     | Noticed a cyclops
  3034 | D:12     | Reached XP level 10. HP: 38/85 MP: 9/9
  3079 | Lab      | Entered a labyrinth
  3419 | Lab      | Found an exit through the horrors of the Abyss.
  3424 | Lab      | Took an exit into the Abyss.
  3424 | Abyss:1  | Escaped into the Abyss
  3469 | Abyss:2  | Noticed a wretched star
  3520 | Abyss:2  | Noticed a lich
  3524 | Abyss:2  | HP: 3/76 [lich/bolt of acid (35)]
  3524 | Abyss:2  | Splashed by a lich's acid

Vault maps used:
D:1:      tarquinn_simple_flora_water_b
D:2:      uniq_natasha, uniq_iyjb
D:3:      lightli_temple_of_fire, minmay_statues_item
D:4:      nicolae_gozag_seed_capital, nicolae_qazlal_general_emergency,
          minmay_temple_entry_statues_fountains, first_bread, uniq_sigmund
D:5:      mumra_celtic_spiral_tile
D:6:      minmay_misc_feat_five
D:7:      nicolae_overflow_crystal_walls, kennysheep_mini, zin_academy,
          nicolae_overflow_hidden_temple, uniq_crazy_yiuf_cottage
D:9:      old_standard_altar, amethyst_overflow_temple_binary,
          grunt_lair_entry_elf_guard_hut, serial_shops, shop_statue, the_bakery,
          grunt_ministairs_13, nrook_uturn
D:10:     wad_woods_structure_01, minmay_orc_entry_guard_dogs, uniq_gastronok
D:12:     lab_entry_generic, spider_trap, elyvilon_altar_4, uniq_josephine
Temple:   nicolae_temple_hex_pool_5
Lab:      nicolae_lab_very_dead_end, labyrinth_skeletal_remains,
          labyrinth_fake_exit

Action                   |  1- 3 |  4- 6 |  7- 9 | 10-12 || total
-------------------------+-------+-------+-------+-------++-------
Melee: Unarmed           |    49 |    42 |   339 |     8 ||   438
Throw: Large rock        |     6 |     2 |     4 |       ||    12
       Throwing net      |       |     2 |     1 |       ||     3
  Use: Scroll            |     1 |       |    24 |     3 ||    28
       Potion            |       |       |     5 |     5 ||    10
 Stab: Held in net/web   |       |     1 |     1 |       ||     2
       Sleeping          |       |     1 |     1 |       ||     2
  Eat: Chunk             |     6 |     3 |    16 |       ||    25
       Fruit             |       |       |     1 |     4 ||     5
       Royal jelly       |       |       |       |     1 ||     1
       Beef jerky        |       |       |       |     1 ||     1
